 Dungeon Crawl Stone Soup version 0.29.1-12-g30fa7ad0bf (webtiles) character file.

Game seed: 16135923082639852569

5859 stormannn the Destroyer (level 10, -2/69 HPs)
             Began as a Demigod Conjurer on Dec 30, 2022.
             Succumbed to a meliai's poison
             ... on level 9 of the Dungeon on Dec 31, 2022.
             The game lasted 00:41:16 (10848 turns).

stormannn the Destroyer (Demigod Conjurer)         Turns: 10848, Time: 00:41:19

Health: -2/69      AC:  4    Str: 14    XL:     10   Next: 27%
Magic:  18/28      EV: 12    Int: 32    God:
Gold:   1605       SH:  4    Dex: 18    Spells: 20/28 levels left

rFire   . . .      SeeInvis .   e - staff of conjuration
rCold   . . .      Faith    .   r - +0 buckler
rNeg    . . .      Spirit   .   a - +0 robe
rPois   .          Reflect  .   A - +0 helmet
rElec   .          Harm     .   z - scarf {+Inv}
rCorr   .          Rampage  .   (no gloves)
Will    +....                   d - +0 pair of boots
Stlth   ++........              (no amulet)
HPRegen 0.21/turn               c - +6 ring of strength
MPRegen 0.21/turn               n - +6 ring of dexterity

@: lethally poisoned (-2 -> -24), attractive
A: high MP 1, forlorn, divine attributes
a: Evoke Invisibility


You were on level 9 of the Dungeon.
You visited 1 branch of the dungeon, and saw 9 of its levels.

You collected 1605 gold pieces.

Inventory:

Hand Weapons
 l - the +12 dagger of Dufi {vamp, Fly rElec}
   (You found it on level 2 of the Dungeon)

   It occasionally heals its wielder for a portion of the damage dealt when it
   wounds a living foe.
   rElec:     It insulates you from electricity.
   Fly:       It grants you flight.
 F - the +7 trident "Entoorr" {vorpal, rPois rN+ Int+4 Stlth-}
   (You found it on level 8 of the Dungeon)

   It inflicts extra damage upon your enemies.
   Int:       It affects your intelligence (+4).
   rPois:     It protects you from poison.
   rN:        It protects you from negative energy.
   Stlth:     It makes you less stealthy.
Missiles
 s - 34 poisoned darts (quivered)
Armour
 a - a +0 robe (worn)
 d - a +0 pair of boots (worn)
 r - a +0 buckler (worn)
 z - a scarf of invisibility (worn)
 A - a +0 helmet (worn)
Magical Staves
 e - a staff of conjuration (weapon)
 y - a staff of air
Jewellery
 c - a +6 ring of strength (left hand)
 n - a +6 ring of dexterity (right hand)
 B - a +6 ring of strength
Wands
 o - a wand of paralysis (3)
 t - a wand of acid (6)
Scrolls
 f - 4 scrolls of poison
 g - 2 scrolls of enchant armour
 i - a scroll of vulnerability
 j - 2 scrolls of teleportation
Potions
 b - a potion of magic
 k - 2 potions of might
 m - a potion of flight
 p - 2 potions of lignification
 q - 2 potions of ambrosia
 u - 2 potions of resistance
 v - a potion of invisibility
 w - a potion of attraction
 x - a potion of brilliance


   Skills:
 - Level 1.7 Dodging
 - Level 1.7 Stealth
 + Level 9.9 Spellcasting
 - Level 10.0 Conjurations
 - Level 4.0 Translocations


You had 20 spell levels left.
You knew the following spells:

 Your Spells              Type           Power      Damage    Failure   Level
a - Magic Dart            Conj           100%       1d8       1%          1
b - Searing Ray           Conj           100%       2d8       1%          2
c - Iskenderun's Mystic   Conj/Tloc      74%        2d15      2%          4
d - Summon Small Mammal   Summ           60%        N/A       4%          1

Your spell library contained the following spells:

 Spells                   Type           Power      Damage    Failure   Level
 Apportation              Tloc           82%        N/A       1%          1
 Dazzling Flash           Conj/Hex       100%       N/A       1%          3
 Necrotise                Necr           60%        1d7       4%          1
 Fulminant Prism          Conj/Hex       32%        3d16      5%          4
 Ensorcelled Hibernation  Hex/Ice        30%        N/A       6%          2
 Passwall                 Tmut/Erth      12%        N/A       6%          2
 Swiftness                Air            15%        N/A       13%         3


Dungeon Overview and Level Annotations

Branches:
Dungeon (9/15)             Temple (0/1) D:6
   Lair: D:8-11         Orc: D:9-12

Shops:
D:1 !

Annotations:
D:4 3 runed translucent doors, zeram's ghost, novice SpHu
D:5 3 runed translucent doors, exclusion: two-headed ogre, booth's ghost, novice DrAE
D:6 1 exclusion


Innate Abilities, Weirdness & Mutations

You have an increased reservoir of magic. (+10% MP)
You shall have no god before yourself.
Your divine heritage dramatically boosts your attributes as you level up.


Message History

Confirm with . or Enter, or press ? or * to list all spells.
Aiming: Searing Ray (safe; 1% risk of failure)
Press: ? - help, Shift-Dir - straight line, p - meliai You feel a surge of power!
The searing ray hits the meliai!
The meliai is almost dead.
The searing ray hits the meliai!
The meliai is severely wounded. (Press . to maintain the ray.)
The meliai closely misses you. The meliai stings you!
The meliai hits you with a +0 war axe!
The meliai stings you but does no damage.
The searing ray hits the meliai.
The meliai is almost dead.
The searing ray hits the meliai!
You kill the meliai!
The meliai closely misses you.
The meliai stings you but does no damage.
The meliai hits you with a +0 war axe!!
* * * LOW HITPOINT WARNING * * *
The meliai closely misses you.
The searing ray misses the meliai.
The meliai barely misses you. The meliai closely misses you.
You block the meliai's attack. The meliai stings you.
* * * LOW HITPOINT WARNING * * *
You feel much better. The meliai hits you but does no damage.
The meliai barely misses you. The meliai hits you with a +0 war axe!!
* * * LOW HITPOINT WARNING * * *
The meliai stings you.
* * * LOW HITPOINT WARNING * * *
You are lethally poisoned!
The meliai poisons you!
Casting: Searing Ray (safe; 1% risk of failure)
Confirm with . or Enter, or press ? or * to list all spells.
Aiming: Searing Ray (safe; 1% risk of failure)
Press: ? - help, Shift-Dir - straight line, f - meliai
Aim: a meliai, wielding a +0 war axe and wearing a +0 leather armour (almost dead, 74% to hit)
You feel a surge of power!
The searing ray hits the meliai!
You kill the meliai! (Press . to maintain the ray.)
You die...

#..y...# ###........
#......# #..........
.F....# #........
.....# #........
...<+ #........ ...
#........ #)#
#........ #)#
#........ #@#
#.....<.. #.#
###.##### #.# ##..##
#.# #....# #####'##
#....# #......#
#....### #......#
#....'.. #..!(..####
#....###
#......'..#####....#


There were no monsters in sight!

Vanquished Creatures
  A two-headed ogre (D:9)
  3 meliai (D:9)
  A wyvern (D:9)
  11 yaks
  2 steam dragons
  Edmund (D:6)
  3 water moccasins
  A black bear (D:4)
  3 ogres
  2 centaurs (D:7)
  2 phantoms
  3 kobold brigands
  5 bullfrogs
  A necrophage (D:7)
  A scorpion (D:6)
  2 killer bees (D:9)
  4 howler monkeys
  4 jellies
  A hound (D:6)
  2 centaur zombies (D:5)
  6 orc priests
  A gnoll bouda (D:7)
  5 iguanas
  Ijyb (D:3)
  2 orc wizards (D:8)
  Robin (D:3)
  8 gnolls (D:7)
  8 adders
  A white imp (D:6)
  2 ufetubi
  5 dart slugs
  3 worms (D:2)
  10 orcs
  4 ball pythons
  A bat (D:1)
  4 endoplasms
  2 giant cockroaches (D:3)
  13 goblins
  8 hobgoblins
  10 jackals
  19 kobolds
  2 quokkas
  A frilled lizard (D:2)
  2 rats (D:1)
172 creatures vanquished.

Vanquished Creatures (others)
  A killer bee (D:9)
1 creature vanquished.

Grand Total: 173 creatures vanquished

Notes
Turn   | Place    | Note
-------+----------+-------------------------------------------
     0 | D:1      | stormannn the Demigod Conjurer began the quest for the Orb.
     0 | D:1      | Reached XP level 1. HP: 14/14 MP: 5/5
    51 | D:1      | Found Kiutrui's Distillery.
   381 | D:1      | Reached skill level 4 in Conjurations
   381 | D:1      | Reached XP level 2. HP: 20/20 MP: 5/7
   403 | D:1      | Learned a level 2 spell: Searing Ray
  1282 | D:2      | Identified the +12 dagger of Dufi {vamp, Fly rElec}
  1360 | D:2      | Reached XP level 3. HP: 18/26 MP: 0/9
  2476 | D:3      | Noticed Robin
  2484 | D:3      | Reached XP level 4. HP: 33/33 MP: 1/10
  2489 | D:3      | Killed Robin
  2892 | D:3      | Noticed Ijyb
  2899 | D:3      | Killed Ijyb
  2900 | D:3      | Reached skill level 5 in Conjurations
  3304 | D:4      | Found a runed translucent gate.
  3304 | D:4      | Noticed an ogre
  3321 | D:4      | Killed an ogre
  3322 | D:4      | Reached XP level 5. HP: 38/38 MP: 4/12
  3388 | D:4      | Found a runed translucent gate.
  3388 | D:4      | Found a runed translucent gate.
  3391 | D:4      | Identified the +5 whip of Yesterday {flame, rN+ Int+4}
  3391 | D:4      | Noticed zeram's ghost (novice SpHu)
  3399 | D:4      | Noticed an ogre
  3403 | D:4      | Killed an ogre
  3404 | D:4      | Reached skill level 6 in Conjurations
  3492 | D:4      | Reached XP level 6. HP: 45/45 MP: 8/13
  3935 | D:4      | Reached skill level 7 in Conjurations
  4209 | D:4      | Identified a scroll of acquirement
  4209 | D:4      | Acquired 1112 gold pieces
  4296 | D:5      | Entered Level 5 of the Dungeon
  4421 | D:5      | Reached skill level 1 in Translocations
  4578 | D:5      | Found a runed translucent gate.
  4578 | D:5      | Found a runed translucent gate.
  4578 | D:5      | Found a runed translucent gate.
  4578 | D:5      | Noticed booth's ghost (novice DrAE)
  4588 | D:5      | Reached XP level 7. HP: 50/50 MP: 8/14
  5055 | D:5      | Noticed a two-headed ogre
  5261 | D:6      | Reached skill level 8 in Conjurations
  5365 | D:6      | Found a staircase to the Ecumenical Temple.
  5571 | D:6      | Noticed Edmund
  5862 | D:5      | Learned a level 4 spell: Iskenderun's Mystic Blast
  5932 | D:6      | Reached XP level 8. HP: 57/57 MP: 8/15
  6342 | D:6      | Killed Edmund
  6637 | D:6      | Reached skill level 9 in Conjurations
  7520 | D:7      | Reached skill level 5 in Spellcasting
  8604 | D:8      | Reached XP level 9. HP: 46/62 MP: 15/20
  8854 | D:8      | Reached skill level 10 in Conjurations
  9435 | D:8      | Identified the +7 trident "Entoorr" {vorpal, rPois rN+
                  | Int+4 Stlth-}
  9606 | D:9      | Noticed a two-headed ogre
  9620 | D:9      | Killed a two-headed ogre
 10366 | D:9      | Learned a level 1 spell: Summon Small Mammal
 10401 | D:9      | Reached XP level 10. HP: 64/69 MP: 19/27
 10846 | D:9      | HP: 2/69 [meliai/+0 war axe (4)]
 10848 | D:9      | Succumbed to a meliai's poison

Illustrated notes

Levels and vault maps discovered:
D:1:      ebering_hopf_link, layout_loops_ring, serial_shops, nicolae_shop_trees
D:2:      layout_loops_ring, basic_altar
D:3:      layout_loops_ring, zin_statuary, kennysheep_flooded_box, uniq_ijyb,
          uniq_robin
D:4:      layout_basic, mainiacjoe_overflow_24_doors, biasface_ghost_orc_armoury
D:5:      layout_rooms, lemuel_tele_altar, nicolae_yredelemnul_ghost_church,
          kennysheep_mini_moat, nicolae_figureground_sparkle
D:6:      layout_loops_ring, mainiacjoe_overflow_paths, general_overflow_altar,
          minmay_temple_entry_sparse_star, uniq_edmund
D:7:      layout_loops_ring
D:8:      layout_basic, lemuel_crystal_altar
D:9:      layout_roguey, kennysheep_little_box

Skill      XL: |  1  2  3  4  5  6  7  8  9 10 |
---------------+-------------------------------+-----
Spellcasting   | 2 5 8 9 |  9.9
Conjurations   | 4 5 6 7 8 9 10 | 10.0
Translocations | 1 4 |  4.0
Dodging        | |  1.7
Stealth        | |  1.7

Action                   |  1- 3 |  4- 6 |  7- 9 | 10-12 || total
-------------------------+-------+-------+-------+-------++-------
Melee: Staff             |    15 |    10 |     3 |       ||    28
Throw: Dart              |       |       |     5 |       ||     5
 Cast: Magic Dart        |    67 |    63 |    96 |     7 ||   233
       Searing Ray       |    10 |    12 |    68 |     7 ||    97
       Iskenderun's Myst |       |       |    10 |     2 ||    12
       Summon Small Mamm |       |       |     2 |       ||     2
Evoke: Wand              |       |       |     3 |       ||     3
  Use: Scroll            |       |    15 |    15 |       ||    30
       Potion            |       |       |     7 |     2 ||     9
 Stab: Sleeping          |       |       |     1 |       ||     1
Armor: Robe              |    11 |     1 |    11 |     5 ||    28
Dodge: Dodged            |    24 |     5 |    43 |    14 ||    86
Block: Buckler           |     1 |     1 |    16 |     1 ||    19
